 Dungeon Crawl Stone Soup version 0.18.1-48-g4cf74bf (webtiles) character file.

6001 Gargoyl the Protected (level 10, -9/79 HPs)
             Began as a Demonspawn Abyssal Knight on Sept 10, 2016.
             Was a High Priest of Lugonu.
             Mangled by Erolcha
             ... wielding a +0 giant club
              (18 damage)
             ... on level 7 of the Dungeon.
             The game lasted 00:20:02 (9701 turns).

Gargoyl the Protected (Demonspawn Abyssal Knight)   Turns: 9701, Time: 00:20:03

Health: -9/79      AC: 22    Str: 25    XL:     10   Next: 55%
Magic:  12/12      EV: 14    Int: 13    God:    Lugonu [*****.]
Gold:   419        SH:  8    Dex: 17    Spells: 0 memorised, 9 levels left

rFire  . . .     SeeInvis .     r - +4 war axe
rCold  + . .     Gourm    .     j - +0 plate armour
rNeg   . . .     Faith    .     h - +2 buckler
rPois  .         Spirit   .     (helmet restricted)
rElec  .         Dismiss  .     (no cloak)
rCorr  .         Reflect  .     (no gloves)
SustAt .         Harm     .     A - +1 pair of boots {Stlth+}
MR     .....                    x - amulet of regeneration
Stlth  ..........               (no ring)
                                e - +3 ring of strength

@: mighty, agile, not resistant to hostile enchantments, extremely unstealthy
A: horns 1, iridescent scales 2, cold resistance 1, powered by pain 3
a: Depart the Abyss, Bend Space, Banish, Corrupt, Enter the Abyss, Renounce
Religion


You were on level 7 of the Dungeon.
You worshipped Lugonu.
Lugonu was extremely pleased with you.
You were hungry.

You visited 1 branch of the dungeon, and saw 8 of its levels.
You visited the Abyss 1 time.
You also visited: Ossuary.

You collected 549 gold pieces.
You spent 130 gold pieces at shops.

Inventory:

Hand Weapons
 r - a +4 war axe (weapon)
Missiles
 p - 7 tomahawks (quivered)
Armour
 h - a +2 buckler (worn)
 j - a +0 plate armour (worn)
 A - a +1 pair of boots of stealth (worn)
Jewellery
 e - a +3 ring of strength (left hand)
 l - a +5 ring of intelligence {unknown}
 x - an amulet of regeneration (around neck)
Wands
 z - a wand of digging (16/24)
Scrolls
 g - 7 scrolls of identify
 o - 2 scrolls of amnesia
 q - 2 scrolls of remove curse
 y - a scroll of teleportation
Potions
 a - a potion of cure mutation
 b - 3 potions of flight
 n - a potion of berserk rage {unknown}
 u - 2 potions of might
 v - a potion of brilliance {unknown}
 w - a potion of resistance {unknown}
 B - 2 potions of invisibility {unknown}
 C - a potion of haste {unknown}
Books
 d - a book of Flames

   Spells                             Type                      Level
   a - Flame Tongue                   Conjuration/Fire             1
   b - Throw Flame                    Conjuration/Fire             2
   c - Conjure Flame                  Conjuration/Fire             3
   d - Inner Flame                    Hexes/Fire                   3
   e - Sticky Flame                   Conjuration/Fire             4
   f - Fireball                       Conjuration/Fire             5
Comestibles
 c - 4 bread rations
 f - 8 slices of pizza
 i - 2 beef jerkies
 k - a royal jelly
 s - 6 chunks of flesh


   Skills:
 + Level 7.4 Fighting
 + Level 7.3 Axes
 + Level 0.5 Throwing
 * Level 9.3 Armour
 + Level 2.9 Dodging
 + Level 0.4 Stealth
 + Level 5.3 Shields
 + Level 2.7 Invocations
 + Level 0.8 Evocations


You had 9 spell levels left.
You didn't know any spells.

Dungeon Overview and Level Annotations

Branches:
Dungeon (8/15)             Temple (0/1) D:5            Lair (0/8) D:8

Altars:
Ashenzari
Kikubaaqudgha
Nemelex Xobeh
Okawaru
Pakellas

Shops:
D:5 *   D:6 [   D:7 }

Annotations:
D:7 Erolcha


Innate Abilities, Weirdness & Mutations

You have a pair of small horns on your head.
You are mostly covered in iridescent scales (AC +6).
You are powered by pain.
Your flesh is cold resistant.


Message History

The yak is severely wounded.
Your plate armour prevents you from hitting something.
Something hits you!
* * * LOW HITPOINT WARNING * * *
You block the yak's attack. The yak gores you!
* * * LOW HITPOINT WARNING * * *
Drink which item? (? for menu, Esc to quit)
You feel better. Something hits you but does no damage. The yak gores you!
* * * LOW HITPOINT WARNING * * *
The yak misses you.
Drink which item? (? for menu, Esc to quit)
You feel better. You block something's attack. The yak completely misses you.
The yak closely misses you.
Drink which item? (? for menu, Esc to quit)
It was a potion of cure mutation.
It has a very clean taste.
You feel less resistant to hostile enchantments.
You regain control of your magic.
You are feeling hungry.
The yak misses you. Something hits you!!
You die...

##.....PP.PP...##.##..♣PP.PPPP
###..........♣...##.##..♣PP.PPP#
#................#.###..♣.PPPP.#
#................#.# #.........#
##..............#..# ##.........
# #..............#.## ####.#..#.
####.......)[...##.# #...##.
.####.....[.)..##Y.#
########.###
....##.........Y@{Y###........#
#
...............####>..........#
............#####...).........##
..PP...#.######................#
.♣♣P..#..# #........[........#
P.♣P..#..# ##........[........#
.P......## ##..................#
.PPP....# #...................#
..♣♣...## ##..................##


You could see 3 yaks.

Vanquished Creatures
  Joseph (D:7)
  Psyche (D:8)
  Sigmund (D:5)
  A yak (D:7)
  Eustachio (D:5)
  A basilisk (D:8)
  A hungry ghost (D:7)
  A human (D:7)
  Menkaure (D:7)
  Duvessa (D:5)
  5 porcupines (D:8)
  2 ice beasts
  3 orc warriors
  3 ogres (D:6)
  A centaur (D:6)
  2 crocodiles
  An elf zombie (Ossuary)
  Blork the orc (D:6)
  3 giant frogs
  Dowan (D:5)
  3 scorpions
  12 killer bees (D:8)
  A jelly (D:7)
  5 wights (D:3)
  2 crimson imps
  2 centaur zombies (Ossuary)
  2 orc priests
  3 human zombies (Ossuary)
  2 hounds (D:7)
  A giant frog skeleton (D:7)
  3 iguanas
  9 orc wizards
  6 worker ants
  4 sheep (D:7)
  A hound skeleton (D:7)
  A hound zombie (Ossuary)
  3 mummies (Ossuary)
  8 adders
  14 gnolls
  2 river rats (D:8)
  3 adder zombies (Ossuary)
  2 adder skeletons (D:8)
  6 worms
  2 dart slugs
  6 giant geckos
  25 orcs
  7 ball pythons
  6 giant cockroaches
  A gnoll zombie (Ossuary)
  7 goblins
  6 hobgoblins
  9 jackals
  4 quokkas
  7 bats
  7 giant newts
  4 goblin zombies
  2 hobgoblin zombies (Ossuary)
  6 jackal zombies (Ossuary)
  11 kobolds
  5 kobold zombies (Ossuary)
  2 orc zombies (Ossuary)
  4 quokka zombies (Ossuary)
  5 rats
  4 rat zombies (Ossuary)
257 creatures vanquished.

Vanquished Creatures (others)
  A two-headed ogre (D:8)
  A jackal (D:8)
  A bush (D:8)
  2 fungi (D:8)
  5 plants (D:8)
10 creatures vanquished.

Grand Total: 267 creatures vanquished

Notes
Turn   | Place    | Note
--------------------------------------------------------------
     0 | Abyss:1  | Gargoyl the Demonspawn Abyssal Knight began the quest for the Orb.
     0 | Abyss:1  | Reached XP level 1. HP: 18/18 MP: 2/2
    41 | Abyss:2  | Noticed a thrashing horror
    44 | D:1      | Escaped the Abyss
   262 | D:1      | Reached * piety under Lugonu
   262 | D:1      | Reached skill level 2 in Armour
   395 | D:1      | Gained mutation: You sometimes gain a little power by taking damage. [demonic ancestry]
   395 | D:1      | Reached XP level 2. HP: 19/24 MP: 3/3
   619 | D:1      | Reached skill level 1 in Dodging
  1034 | D:2      | Gained mutation: Your spells are a little harder to cast, but a little more powerful. [potion of beneficial mutation]
  1109 | D:2      | Gained mutation: You are partially covered in iridescent scales (AC +4). [demonic ancestry]
  1109 | D:2      | Reached XP level 3. HP: 26/29 MP: 4/4
  1809 | D:2      | Reached ** piety under Lugonu
  1851 | D:2      | Reached XP level 4. HP: 32/37 MP: 6/6
  1926 | D:2      | Found a sparkling altar of Nemelex Xobeh.
  2251 | D:3      | Found an ancient bone altar of Kikubaaqudgha.
  2331 | D:3      | Reached skill level 3 in Armour
  2375 | D:3      | Gained mutation: You are mostly covered in iridescent scales (AC +6). [demonic ancestry]
  2375 | D:3      | Reached XP level 5. HP: 31/42 MP: 7/7
  2477 | D:3      | Reached skill level 1 in Shields
  3404 | D:3      | Reached skill level 4 in Armour
  3404 | D:3      | Gained mutation: You sometimes gain power by taking damage. [demonic ancestry]
  3404 | D:3      | Reached XP level 6. HP: 26/48 MP: 8/8
  3663 | D:4      | Reached *** piety under Lugonu
  4216 | D:4      | Reached XP level 7. HP: 54/54 MP: 9/9
  4284 | D:4      | Found a shattered altar of Ashenzari.
  4448 | D:4      | Found an iron altar of Okawaru.
  4724 | D:5      | Entered Level 5 of the Dungeon
  4841 | D:5      | Found a staircase to the Ecumenical Temple.
  4860 | D:5      | Reached skill level 5 in Armour
  4921 | D:5      | Noticed Duvessa
  4921 | D:5      | Noticed Dowan
  4938 | D:5      | Killed Duvessa
  4965 | D:5      | Gained mutation: You have a pair of small antennae on your head. [potion of mutation]
  4965 | D:5      | Gained mutation: Your flesh is cold resistant. [potion of mutation]
  4965 | D:5      | Gained mutation: You are resistant to hostile enchantments. [potion of mutation]
  4974 | D:5      | Killed Dowan
  5620 | D:5      | Noticed Eustachio
  5672 | D:5      | Killed Eustachio
  5672 | D:5      | Reached skill level 5 in Fighting
  5672 | D:5      | Reached XP level 8. HP: 33/62 MP: 10/10
  5829 | D:5      | Found an oddly glowing altar of Pakellas.
  5831 | D:5      | Noticed Sigmund
  5843 | D:5      | Killed Sigmund
  5898 | D:5      | Found Nuul's Elemental Accessories.
  5903 | D:5      | Bought a wand of lightning (6/15) for 130 gold pieces
  6244 | D:6      | Noticed Blork the orc
  6252 | D:6      | Killed Blork the orc
  6252 | D:6      | Reached skill level 6 in Armour
  6499 | D:6      | Found Rinutah's Antique Armour Shop.
  6775 | D:6      | Reached skill level 5 in Axes
  7112 | D:6      | Reached **** piety under Lugonu
  7315 | D:6      | Gained mutation: You are powered by pain. [demonic ancestry]
  7315 | D:6      | Reached XP level 9. HP: 63/69 MP: 11/11
  7620 | D:7      | Found a sand-covered staircase.
  7628 | Ossuary  | Entered an ossuary
  7671 | Ossuary  | Reached skill level 7 in Armour
  7972 | D:7      | Reached ***** piety under Lugonu
  7990 | D:7      | Found Qer Own's Gadget Boutique.
  8143 | D:7      | Noticed Menkaure
  8151 | D:7      | Killed Menkaure
  8400 | D:7      | Reached skill level 8 in Armour
  8905 | D:8      | Noticed Psyche
  8966 | D:8      | Killed Psyche
  9048 | D:8      | Lost mutation: You have a pair of small antennae on your head. [demonic ancestry]
  9048 | D:8      | Gained mutation: You have a pair of small horns on your head. [demonic ancestry]
  9048 | D:8      | Reached XP level 10. HP: 57/77 MP: 12/12
  9234 | D:8      | Noticed Erolcha
  9237 | D:8      | Noticed Joseph
  9237 | D:8      | Reached skill level 5 in Shields
  9481 | D:8      | Reached skill level 9 in Armour
  9637 | D:7      | Killed Joseph
  9699 | D:7      | HP: 2/79 [yak (11)]
  9701 | D:7      | Lost mutation: You are resistant to hostile enchantments. [potion of cure mutation]
  9701 | D:7      | Lost mutation: Your spells are a little harder to cast, but a little more powerful. [potion of cure mutation]
  9701 | D:7      | Mangled by Erolcha

Skill      XL: |  1  2  3  4  5  6  7  8  9 10 |
---------------+-------------------------------+-----
Armour         | 2 3 4 5 6 8 9 |  9.3
Dodging        | 1 2 |  2.9
Axes           | 2 3 4 5 6 7 |  7.3
Shields        | 1 2 3 4 5 |  5.3
Fighting       | 4 5 6 7 |  7.4
Throwing       | |  0.5
Stealth        | |  0.4
Invocations    | |  2.7
Evocations     | |  0.8

Action                   |  1- 3 |  4- 6 |  7- 9 | 10-12 || total
-------------------------+-------+-------+-------+-------++-------
Melee: Hand axe          |   143 |   144 |       |       ||   287
       War axe           |       |    94 |   487 |   154 ||   735
       Headbutt          |       |       |       |    24 ||    24
Throw: Tomahawk          |       |       |       |     8 ||     8
Invok: Depart the Abyss  |     1 |       |       |       ||     1
Evoke: Wand              |       |       |     9 |       ||     9
  Use: Scroll            |     2 |     1 |     5 |    10 ||    18
       Potion            |     2 |     3 |     5 |     4 ||    14
  Eat: Chunk             |     3 |     5 |    12 |       ||    20
       Bread ration      |       |     1 |     1 |       ||     2
       Meat ration       |       |       |     3 |       ||     3
Armor: Ring mail         |    61 |    14 |       |       ||    75
       Plate armour      |       |   203 |   416 |   169 ||   788
       Skin              |       |       |    10 |       ||    10
Dodge: Dodged            |    81 |    94 |   182 |    99 ||   456
Block: Buckler           |    29 |    75 |   220 |    85 ||   409
